 Dungeon Crawl Stone Soup version 0.27-a0-1232-gc6a4cbde82 (webtiles) character file.

Game seed: 2369765267012802167

172 pokeman the Magician (level 5, -1/29 HPs)
             Began as a Deep Elf Hedge Wizard on June 8, 2021.
             Killed by nerve-wracking pain
             ... invoked by Grinder
              (9 damage)
             ... on level 3 of the Dungeon.
             The game lasted 00:06:50 (4213 turns).

pokeman the Magician (Deep Elf Hedge Wizard)        Turns: 4213, Time: 00:06:51

Health: -1/29      AC:  4    Str:  7    XL:     5   Next: 27%
Magic:  1/15       EV: 12    Int: 20    God:
Gold:   139        SH:  0    Dex: 14    Spells: 5/16 levels left

rFire    . . .     SeeInvis .   f - +1 short sword (venom)
rCold    . . .     Faith    .   (no shield)
rNeg     . . .     Spirit   .   d - +0 leather armour
rPois    .         Reflect  .   b - +0 helmet
rElec    .         Harm     .   (no cloak)
rCorr    .         Rampage  .   (no gloves)
Will     .....                  (no boots)
Stlth    ++........             (no amulet)
HPRegen  0.09/turn              (no ring)
MPRegen  0.14/turn              (no ring)

@: no status effects
A: no striking features
a: no special abilities


You were on level 3 of the Dungeon.
You visited 1 branch of the dungeon, and saw 3 of its levels.

You collected 139 gold pieces.

Inventory:

Hand Weapons
 f - a +1 short sword of venom (weapon)
Missiles
 a - 31 bolts
 k - 17 arrows
Armour
 b - a +0 helmet (worn)
 d - a +0 leather armour (worn)
 i - a +0 buckler
Scrolls
 e - 2 scrolls of amnesia {unknown}
 g - a scroll of teleportation {unknown}
 j - a scroll of blinking {unknown}
 m - a scroll of holy word {unknown}
Potions
 c - a potion of berserk rage {unknown}
 h - 2 potions of flight {unknown}
 l - 2 potions of brilliance {unknown}


   Skills:
 - Level 1.0 Fighting
 - Level 1.0 Armour
 + Level 3.1 Dodging
 - Level 2.4 Stealth
 * Level 6.2 Spellcasting
 + Level 2.5 Conjurations
 - Level 1.1 Summonings
 - Level 1.1 Translocations
 + Level 1.5 Fire Magic


You had 5 spell levels left.
You knew the following spells:

 Your Spells              Type           Power      Damage    Failure   Level
a - Magic Dart            Conj           64%        1d6       5%          1
b - Mephitic Cloud        Conj/Pois/Air  9%         N/A       32%         3
c - Call Imp              Summ           10%        N/A       14%         2
d - Blink                 Tloc           N/A        N/A       14%         2
e - Conjure Flame         Conj/Fire      14%        6-21      19%         3

Your spell library contained the following spells:

 Spells                   Type           Power      Damage    Failure   Level
 Slow                     Hex            6%         N/A       22%         2
 Gell's Gravitas          Tloc           5%         N/A       28%         3
 Confusing Touch          Hex            6%         N/A       41%         3
 Petrify                  Tmut/Erth      6%         N/A       83%         4
 Metabolic Englaciation   Hex/Ice        3%         N/A       99%         5
 Yara's Violent Unravell  Hex/Tmut       3%         3d4       99%         5


Dungeon Overview and Level Annotations

Branches:
Dungeon (3/15)

Altars:
Dithmenos

Annotations:
D:3 Grinder


Message History

The magic dart hits Grinder but does no damage.
Grinder is severely wounded.
Grinder hits you but does no damage.
Casting: Magic Dart (safe; 5% risk of failure)
Confirm with . or Enter, or press ? or * to list all spells.
Aiming: Magic Dart (safe; 5% risk of failure)
Press: ? - help, Shift-Dir - straight line, f/p - Grinder
Aim: Grinder (severely wounded, 100% to hit)
The magic dart hits Grinder.
Grinder is severely wounded.
Grinder says, "Mostly I couldn't keep them alive."
Grinder gestures at you. Pain shoots through your body!
Casting: Magic Dart (safe; 5% risk of failure)
Confirm with . or Enter, or press ? or * to list all spells.
Aiming: Magic Dart (safe; 5% risk of failure)
Press: ? - help, Shift-Dir - straight line, f/p - Grinder
Aim: Grinder (severely wounded, 100% to hit)
The magic dart hits Grinder.
Grinder is severely wounded.
Grinder hits you but does no damage.
Casting: Magic Dart (safe; 5% risk of failure)
Confirm with . or Enter, or press ? or * to list all spells.
Aiming: Magic Dart (safe; 5% risk of failure)
Press: ? - help, Shift-Dir - straight line, f/p - Grinder
Aim: Grinder (severely wounded, 100% to hit)
The magic dart hits Grinder.
Grinder is severely wounded.
Grinder barely misses you.
Casting: Magic Dart (safe; 5% risk of failure)
Confirm with . or Enter, or press ? or * to list all spells.
You don't have enough magic to cast this spell.
Unknown command.
Grinder gestures at you. Pain shoots through your body!
* * * LOW HITPOINT WARNING * * *
Grinder says, "FISH!"
Grinder gestures at you. Pain shoots through your body!
You die...

##.## #......# #.# #......#
#)# ##.###... #)# ##.......#
#.####.....#..#
#########.##.....#.#...
#.>...##.#..###....#...
#.....#.##.## ##.#.#...
#.....@###.# #.#.#...
#.....#.##.# ##.......
#.....#..#..###.....###
#.....#5#.#....#....#
#....<#.###.........#
#######......####...#
##########.......#.# #...###
#......†.......#.# #......
#........#.##....#.####.>.###


You could see Grinder.

Vanquished Creatures
  4 gnolls
  6 adders
  3 dart slugs
  An orc (D:3)
  8 ball pythons
  5 bats
  6 endoplasms
  4 giant cockroaches
  4 goblins
  6 hobgoblins
  3 jackals
  7 kobolds
  2 quokkas
  5 frilled lizards
  8 rats
72 creatures vanquished.

Vanquished Creatures (collateral kills)
  An orc (D:3)
1 creature vanquished.

Vanquished Creatures (others)
  8 plants (D:1)
8 creatures vanquished.

Grand Total: 81 creatures vanquished

Notes
Turn   | Place    | Note
-------+----------+-------------------------------------------
     0 | D:1      | pokeman the Deep Elf Hedge Wizard began the quest for the
                  | Orb.
     0 | D:1      | Reached XP level 1. HP: 10/10 MP: 7/7
   256 | D:1      | Reached XP level 2. HP: 15/15 MP: 4/9
   635 | D:1      | Found a faded altar of an unknown god.
   825 | D:1      | Reached skill level 5 in Spellcasting
  1074 | D:1      | Reached XP level 3. HP: 20/20 MP: 5/11
  1078 | D:1      | Learned a level 3 spell: Mephitic Cloud
  1081 | D:1      | Learned a level 2 spell: Call Imp
  1084 | D:1      | Learned a level 2 spell: Blink
  1088 | D:1      | Learned a level 3 spell: Conjure Flame
  1643 | D:1      | Reached skill level 1 in Armour
  1738 | D:1      | Reached skill level 1 in Fighting
  1835 | D:2      | Found a shadowy altar of Dithmenos.
  2036 | D:2      | Reached XP level 4. HP: 19/25 MP: 10/13
  2588 | D:2      | Reached skill level 1 in Fire Magic
  3086 | D:3      | Noticed Grinder
  3455 | D:3      | Paralysed by Grinder for 3 turns
  3990 | D:3      | Reached skill level 6 in Spellcasting
  3990 | D:3      | Reached XP level 5. HP: 29/29 MP: 8/15
  4181 | D:3      | Paralysed by Grinder for 2 turns
  4213 | D:3      | Killed from afar by Grinder

Illustrated notes

Levels and vault maps discovered:
D:1:      lightli_arrival_farm, layout_loops_ring,
          shapermc_ecumenical_altar_hornbeckon, serial_forest,
          infiniplex_forest_lined_room_3, infiniplex_forest_side_room,
          infiniplex_forest_lined_room_2, infiniplex_forest_straight_3,
          infiniplex_forest_clump_curved, infiniplex_forest_lined_4_way,
          lexackson_kobold_supper
D:2:      layout_basic, basic_altar, minmay_circled_x
D:3:      layout_loops_cross, uniq_crazy_yiuf_cottage, uniq_grinder

Skill      XL: |  1  2  3  4 |
---------------+-------------+-----
Spellcasting   | 5 6 |  6.2
Armour         | 1 |  1.0
Fighting       | 1 |  1.0
Conjurations   | 2 |  2.5
Fire Magic     | 1 |  1.5
Dodging        | 3 |  3.1
Stealth        | |  2.4
Summonings     | |  1.1
Translocations | |  1.1

Action                   |  1- 3 |  4- 6 || total
-------------------------+-------+-------++-------
Melee: Short sword       |    20 |    21 ||    41
 Cast: Magic Dart        |    89 |    97 ||   186
       Call Imp          |       |     3 ||     3
       Blink             |       |     2 ||     2
       Conjure Flame     |       |     1 ||     1
 Stab: Sleeping          |     2 |       ||     2
Armor: Leather armour    |     5 |    15 ||    20
Dodge: Dodged            |    20 |    31 ||    51

Table legend: (Time is in decaauts)
 A = Elapsed time spent in this place.
 B = Non-inter-level travel time spent in this place.
 C = Inter-level travel time spent in this place.
 D = Time resting spent in this place.
 E = Time spent auto-exploring this place.
 F = Levels seen in this place.
 G = Mean time per level.
                   A        B        C        D        E       F      G
               +--------+--------+--------+--------+--------+-----+--------+
         Total |   4248 |   4192 |     56 |    279 |   3334 |   3 | 1416.0 |
       Dungeon |   4248 |   4192 |     56 |    279 |   3334 |   3 | 1416.0 |
               +--------+--------+--------+--------+--------+-----+--------+

Top non-repeatable levels by time:
     D:1: 1822 daAuts
     D:2: 1419 daAuts
     D:3: 1005 daAuts
